 Seeded DCSS version 0.30-a0-718-geaa24f58ff (webtiles) character file.

Game seed: 14861595581910726738 (custom seed)

12244 flotson the Fighter (level 11, -2/78 HPs)
             Began as a Demonspawn Delver on Jan 25, 2023.
             Was a Believer of Hepliaklqana.
             Slain by a gargoyle
             ... wielding a +2 mace of holy wrath
              (15 damage)
             ... on level 10 of the Dungeon.
             The game lasted 00:23:22 (13594 turns).

flotson the Fighter (Demonspawn Delver)            Turns: 13594, Time: 00:23:22

Health: -2/78      AC: 19    Str: 16    XL:     11   Next: 59%
Magic:  16/16      EV: 13    Int: 12    God:    Hepliaklqana [**....]
Gold:   403        SH: 12    Dex: 15    Spells: 10/10 levels left

rFire   . . .      SeeInvis .    P - +4 scimitar (flame)
rCold   + + .      Faith    .    O - +0 tower shield
rNeg    . . .      Spirit   .    u - +3 scale mail {rPois}
rPois   +          Reflect  .    (no helmet)
rElec   .          Harm     +    k - +2 cloak
rCorr   .          Rampage  .    s - +1 pair of gloves of Omeimass {Harm *Slow +Inv rC++}
Will    .....      Clarity  +    G - +0 pair of boots {Stlth+}
Stlth   +++                      (no amulet)
HPRegen 0.33/turn                (no ring)
MPRegen 0.30/turn                (no ring)

@: mighty, agile
A: reduced essence, powered by pain 2, magic regeneration, sharp scales 2,
clarity, poison resistance
a: Renounce Religion, Evoke Invisibility, Recall Ancestor, Ancestor Identity


You were on level 10 of the Dungeon.
You worshipped Hepliaklqana.
Hepliaklqana was pleased with you.
You visited 2 branches of the dungeon, and saw 11 of its levels.

You collected 667 gold pieces.
You spent 264 gold pieces at shops.

Inventory:

Hand Weapons
 a - a +0 flail of protection
 b - a +1 whip of electrocution
 e - a +5 spear
 B - a +3 quarterstaff of chaos
 P - a +4 scimitar of flaming (weapon)
Missiles
 y - 5 boomerangs
 z - 52 poisoned darts (quivered)
 F - a throwing net
 K - 2 curare-tipped darts
Armour
 k - a +2 cloak (worn)
 s - the +1 pair of gloves of Omeimass (worn) {Harm *Slow +Inv rC++}
   (You found it on level 2 of the Dungeon)

   rC:        It greatly protects you from cold.
   +Inv:      It lets you turn invisible.
   *Slow:     It may slow you when you take damage.
   Harm:      It increases damage dealt and taken.
 u - a +3 scale mail of poison resistance (worn)
 G - a +0 pair of boots of stealth (worn)
 J - a scarf of repulsion
 O - a +0 tower shield (worn)
Jewellery
 f - a ring of wizardry
Wands
 g - a wand of digging (12)
 j - a wand of roots (1)
 E - a wand of flame (14)
Scrolls
 c - 4 scrolls of fog
 d - 5 scrolls of magic mapping
 i - 13 scrolls of identify {unknown}
 n - a scroll of blinking {unknown}
 p - a scroll of vulnerability {unknown}
 q - 2 scrolls of poison
 r - 3 scrolls of immolation {unknown}
 t - 3 scrolls of teleportation
 v - 2 scrolls of enchant weapon {unknown}
 A - a scroll of silence {unknown}
 D - a scroll of summoning {unknown}
 H - a scroll of fear
Potions
 h - 2 potions of mutation
 l - 4 potions of flight {unknown}
 m - 4 potions of cancellation
 o - a potion of lignification {unknown}
 w - 2 potions of ambrosia {unknown}
 x - a potion of brilliance {unknown}
 C - 2 potions of attraction
 L - a potion of berserk rage
 M - 2 potions of haste
 N - a potion of heal wounds


   Skills:
 + Level 8.3 Fighting
 - Level 2.6(3.0) Axes
 - Level 2.0(2.6) Maces & Flails
 + Level 6.5 Throwing
 + Level 7.0 Armour
 + Level 7.2 Dodging
 - Level 5.0 Stealth
 + Level 2.1 Shields
 + Level 7.9 Invocations
 + Level 7.6 Evocations


You had 10 spell levels left.
You didn't know any spells.
Your spell library contained the following spells:

 Spells                   Type           Power      Damage    Failure   Level
 Blink                    Tloc           0%         N/A       100%        2
 Lesser Beckoning         Tloc           0%         N/A       100%        2
 Call Canine Familiar     Summ           0%         N/A       100%        3
 Ozocubu's Armour         Ice            0%         N/A       100%        3
 Portal Projectile        Hex/Tloc       0%         N/A       100%        3
 Stone Arrow              Conj/Erth      0%         3d7       100%        3
 Teleport Other           Tloc           0%         N/A       100%        3
 Airstrike                Air            0%         2d(0-16)  100%        4
 Animate Armour           Summ/Erth      0%         N/A       100%        4
 Animate Dead             Necr           0%         N/A       100%        4
 Leda's Liquefaction      Hex/Erth       0%         N/A       100%        4
 Manifold Assault         Tloc           0%         N/A       100%        4
 Borgnjor's Vile Clutch   Necr/Erth      0%         N/A       100%        5
 Death Channel            Necr           0%         N/A       100%        6
 Haunt                    Necr/Summ      0%         N/A       100%        7
 Ozocubu's Refrigeration  Ice            0%         4d7       100%        7
 Storm Form               Tmut/Air       0%         N/A       100%        7
 Infestation              Necr           0%         N/A       100%        8
 Lehudib's Crystal Spear  Conj/Erth      0%         10d2      100%        8


Dungeon Overview and Level Annotations

Branches:
Dungeon (10/15)            Temple (1/1) D:6
   Lair: D:8-11         Orc: D:9-12

Altars:
Ashenzari
Fedhas
Hepliaklqana
Makhleb
Nemelex Xobeh
Ru
Sif Muna
Trog
Uskayaw
Vehumet
Wu Jian
Xom

Shops:
D:3 :   D:9 !

Annotations:
D:3 exclusion: statue


Innate Abilities, Weirdness & Mutations

Your life essence is reduced to manifest your ancestor. (-10% HP)
You sometimes gain power by taking damage.
You regenerate magic rapidly.
You are mostly covered in razor-sharp scales. (AC +2, Slay +2)
You possess an exceptional clarity of mind.
Your system is resistant to poisons. (rPois)


Message History

The killer bee is heavily wounded.
The killer bee stings you but does no damage.
You block the killer bee's attack. x2
Tiberius gestures at the killer bee while chanting.
The puff of frost hits the killer bee!
The killer bee dies!
The gargoyle barely misses you.
Things that are here:
a killer bee corpse; a troll corpse; a tengu corpse You barely miss the gargoyle.
You block the gargoyle's attack. x2
You completely miss the gargoyle.
The gargoyle hurls a stone arrow at you.
You block the stone arrow.
The gargoyle hits you with a +2 mace of holy wrath!
You focus on the pain.
You feel very mighty all of a sudden.
You convulse!
You are too injured to fight recklessly!
You are too injured to fight recklessly!
You are too injured to fight recklessly!
You swap places.
A gnoll sergeant comes into view. It is wielding a +0 spear.
Tiberius barely misses the gargoyle.
The gargoyle hurls a stone arrow at you.
The stone arrow hits Tiberius!
You see here 3 poisoned darts.
Things that are here:
a poisoned dart; a killer bee corpse
Items here: ) [ ††.
Tiberius barely misses the gargoyle.
The gargoyle hurls a stone arrow at you.
The stone arrow hits Tiberius!
You swap places.
The gnoll sergeant hits you from afar with a +0 spear!
You focus on the pain.
You feel agile all of a sudden.
The gargoyle hits you with a +2 mace of holy wrath!
* * * LOW HITPOINT WARNING * * *
You convulse!
You die...

~..###.###...)...#
≈#.#⌠#.# #.####### #.###.#
#.#♣♣...# #.....#
#.#♣.)..# #####.#
#.#.#†#†# #.# #.#.#.#.#
#.# #.#.#.#.# ######+## ##
#.# #.#.#.#R# ....#...#
♣.♣
#.###.#.#.#@♣♣..g♣♣...♣♣.♣
#....[..#⌠#.9g♣ +>8<'.♣
###.#.#.#.#!♣♣...♣♣...♣♣O♣
#.#.#.# #.# ....#...# ♣T♣
#.#.#.# #.# ######+## ##
#.#.#)# #.# #.#.#.# #.#
#.#.#♣. .♣# #.#.# ♣ ♣


You could see the friendly Tiberius the battlemage, a gargoyle (ally target) and
a gnoll sergeant.

Vanquished Creatures
  2 boulder beetles (D:8)
  A centaur warrior (D:8)
  A two-headed ogre (D:10)
  Maggie (D:8)
  A troll (D:10)
  Grinder (D:6)
  2 hornets
  Sigmund (D:3)
  13 yaks
  3 wyverns
  2 shadows
  A wraith (D:8)
  Eustachio (D:6)
  A vampire mosquito (D:10)
  Edmund (D:6)
  4 water moccasins
  An ice beast (D:8)
  2 orc warriors
  A sky beast (D:4)
  A black bear (D:7)
  An ogre (D:5)
  3 phantoms
  4 centaurs
  4 kobold brigands
  2 bullfrogs
  A necrophage (D:6)
  4 scorpions
  14 wights
  3 killer bees (D:10)
  3 howler monkeys
  An electric eel (D:10)
  2 gnoll boudas
  6 hounds
  4 orc priests
  Crazy Yiuf (D:3)
  3 jellies
  2 iguanas
  7 orc wizards
  13 gnolls
  7 adders
  2 white imps
  An ufetubus (D:4)
  A worm (D:4)
  2 dart slugs (D:2)
  14 orcs
  5 bats (D:1)
  5 endoplasms
  2 giant cockroaches (D:1)
  5 goblins
  7 hobgoblins
  3 jackals (D:3)
  20 kobolds
  A quokka (D:2)
  6 ball pythons
  6 frilled lizards
  6 rats
212 creatures vanquished.

Vanquished Creatures (collateral kills)
  An efreet (D:10)
  A tengu conjurer (D:10)
  2 trolls (D:10)
  A yak (D:9)
  A steam dragon (D:10)
  3 killer bees (D:10)
  A howler monkey (D:10)
  A gnoll (D:9)
  An orc (D:10)
  3 kobolds (D:9)
15 creatures vanquished.

Vanquished Creatures (others)
  An ancestor (D:10)
  2 fungi (D:3)
  8 plants (D:10)
11 creatures vanquished.

Grand Total: 238 creatures vanquished

Notes
Turn   | Place    | Note
-------+----------+-------------------------------------------
     0 | D:5      | flotson the Demonspawn Delver began the quest for the Orb.
     0 | D:5      | Reached XP level 1. HP: 18/18 MP: 1/1
     5 | D:5      | Noticed a phantom
    33 | D:5      | Noticed a hound
    47 | D:5      | Killed a hound
    48 | D:5      | Reached skill level 1 in Armour
    48 | D:5      | Gained mutation: You are partially covered in razor-sharp
                  | scales. (AC +1, Slay +1) [demonic ancestry]
    48 | D:5      | Reached XP level 2. HP: 13/24 MP: 2/2
    48 | D:5      | Reached XP level 3. HP: 15/29 MP: 3/3
   128 | D:5      | Noticed a water moccasin
   158 | D:5      | Noticed an ogre
   353 | D:3      | Found Weitireb's Vocational Training.
   366 | D:3      | Reached skill level 1 in Evocations
  1039 | D:1      | Reached XP level 4. HP: 35/35 MP: 4/4
  1819 | D:2      | Identified the +1 pair of gloves of Omeimass {Harm *Slow
                  | +Inv rC++}
  2288 | D:3      | Noticed Sigmund
  2323 | D:2      | Reached skill level 5 in Stealth
  2612 | D:3      | Found a bloodstained altar of Trog.
  2623 | D:3      | Gained mutation: You regenerate magic rapidly. [demonic
                  | ancestry]
  2623 | D:3      | Reached XP level 5. HP: 30/42 MP: 5/5
  2964 | D:3      | Found an ornate altar of the Wu Jian Council.
  3000 | D:3      | Found a radiant altar of Vehumet.
  3000 | D:3      | Noticed a charred statue
  3066 | D:3      | Found a runed translucent door.
  3067 | D:3      | Noticed Crazy Yiuf
  3256 | D:4      | Noticed a sky beast
  3309 | D:4      | Killed a sky beast
  3310 | D:4      | Reached skill level 4 in Fighting
  3310 | D:4      | Reached XP level 6. HP: 47/48 MP: 6/6
  3343 | D:4      | Reached skill level 1 in Throwing
  3768 | D:3      | Killed Sigmund
  3769 | D:3      | Gained mutation: You are mostly covered in razor-sharp
                  | scales. (AC +2, Slay +2) [demonic ancestry]
  3769 | D:3      | Reached XP level 7. HP: 40/55 MP: 7/7
  3851 | D:3      | Killed Crazy Yiuf
  4513 | D:5      | Found a blossoming altar of Fedhas.
  4685 | D:5      | Reached skill level 5 in Fighting
  4685 | D:5      | Gained mutation: You sometimes gain a little power by
                  | taking damage. [demonic ancestry]
  4685 | D:5      | Reached XP level 8. HP: 59/62 MP: 8/8
  5374 | D:6      | Noticed Edmund
  5530 | D:6      | Noticed Grinder
  5534 | D:6      | Paralysed by Grinder for 4 turns
  5543 | D:6      | Paralysed by Grinder for 3 turns
  5555 | D:6      | Killed Grinder
  5648 | D:6      | Found a staircase to the Ecumenical Temple.
  5660 | Temple   | Entered the Ecumenical Temple
  5731 | Temple   | Became a worshipper of Hepliaklqana the Forgotten
  5814 | D:6      | Got the Anthology of Dislocated Conduction
  5883 | D:6      | Reached skill level 1 in Invocations
  6104 | D:6      | Killed Edmund
  6284 | D:6      | Found a sacrificial altar of Ru.
  6483 | D:6      | Found a broken altar of Ashenzari.
  6529 | D:6      | Noticed Eustachio
  6538 | D:6      | Killed Eustachio
  6539 | D:6      | Reached skill level 5 in Evocations
  6539 | D:6      | Reached XP level 9. HP: 69/69 MP: 10/10
  6620 | D:7      | Reached skill level 6 in Fighting
  6620 | D:7      | Reached skill level 5 in Dodging
  6722 | D:7      | Identified the +0 robe of Reqakh {rC+ rCorr Int+3}
  7366 | D:7      | Reached skill level 5 in Armour
  8386 | D:8      | Noticed Maggie
  8397 | D:8      | Killed Maggie
  8411 | D:8      | Reached skill level 5 in Invocations
  8479 | D:8      | Reached XP level 10. HP: 12/77 MP: 13/13
  8777 | D:8      | Reached skill level 5 in Throwing
  9075 | D:8      | Noticed a centaur warrior
  9075 | D:8      | Noticed a boulder beetle
  9394 | D:8      | Noticed a boulder beetle
  9402 | D:8      | Reached skill level 7 in Fighting
  9417 | D:8      | Gained mutation: You possess an exceptional clarity of
                  | mind. [potion of mutation]
  9417 | D:8      | Gained mutation: Your system is resistant to poisons.
                  | (rPois) [potion of mutation]
  9418 | D:8      | Killed a boulder beetle
  9419 | D:8      | Reached skill level 1 in Axes
 11068 | D:8      | Killed a boulder beetle
 11188 | D:8      | Killed a centaur warrior
 11642 | D:8      | Identified the +10 quarterstaff of the Common Good {flame,
                  | rPois}
 11757 | D:9      | Reached * piety under Hepliaklqana
 11844 | D:9      | Found a shimmering altar of Xom.
 11848 | D:9      | Found a shimmering altar of Xom.
 11848 | D:9      | Found a shimmering altar of Xom.
 11848 | D:9      | Found a shimmering altar of Xom.
 11850 | D:9      | Found a shimmering altar of Xom.
 11852 | D:9      | Found a shimmering altar of Xom.
 11852 | D:9      | Found a shimmering altar of Xom.
 11866 | D:9      | Gained mutation: You sometimes gain power by taking damage.
                  | [demonic ancestry]
 11866 | D:9      | Reached XP level 11. HP: 73/76 MP: 16/16
 12092 | D:9      | Found Emar's Distillery.
 12289 | D:9      | Bought a potion of degeneration for 11 gold pieces
 12289 | D:9      | Bought a potion of heal wounds for 55 gold pieces
 12289 | D:9      | Bought a potion of heal wounds for 55 gold pieces
 12290 | D:9      | Bought a potion of berserk rage for 55 gold pieces
 12290 | D:9      | Bought a potion of cancellation for 88 gold pieces
 12688 | D:10     | Entered Level 10 of the Dungeon
 12689 | D:10     | Noticed a two-headed ogre
 13254 | D:10     | Reached ** piety under Hepliaklqana
 13255 | D:10     | Remembered your ancestor Tiberius as a battlemage
 13281 | D:10     | Reached skill level 8 in Fighting
 13291 | D:10     | Reached skill level 1 in Shields
 13346 | D:10     | Noticed a two-headed ogre
 13348 | D:10     | Killed a two-headed ogre
 13594 | D:10     | Slain by a gargoyle

Illustrated notes

Levels and vault maps discovered:
D:1:      minmay_arrival_hallway, layout_basic, minmay_pentomino_s2
D:2:      layout_basic
D:3:      layout_rooms, marbit_many_paths, vehumet_statue,
          nicolae_tso_carved_into_rock, trog_three_pillars_becter,
          nicolae_shop_vocational, uniq_crazy_yiuf_cottage, uniq_sigmund
D:4:      layout_rooms
D:5:      layout_basic, lemuel_tele_altar
D:6:      layout_cave_pools, ashenzari_conservatory_becter,
          mainiacjoe_overflow_chevrons, temple_pool_b, fountainhead,
          uniq_eustachio, uniq_edmund, uniq_grinder
D:7:      layout_basic, zin_treasury, hangedman_decor_lopped
D:8:      minmay_blocky_corners, layout_basic, st_stairs_3, uniq_maggie
D:9:      layout_long_grid, nicolae_xom_altar_mimics, serial_shops,
          nicolae_square_shop
D:10:     nzn_winding_woodlands_stair_cross [nzn_winding_woodlands_5x15_jagged,
          nzn_winding_woodlands_center_triple_pond,
          nzn_winding_woodlands_5x15_pool,
          nzn_winding_woodlands_5x5_closed_star,
          nzn_winding_woodlands_hourglass,
          nzn_winding_woodlands_5x15_split_checker,
          nzn_winding_woodlands_center_garden,
          nzn_winding_woodlands_5x15_longhouse], layout_basic,
          mainiacjoe_overflow_paths, slow_altar_2,
          gammafunk_ghost_berserking_beasts, feat_on_display
Temple:   minmay_temple_curvy_loop

Skill      XL: |  1  2  3  4  5  6  7  8  9 10 11 |
---------------+----------------------------------+-----
Maces & Flails | 2 |  2.0
Armour         | 1 2 3 4 5 6 7 |  7.0
Dodging        | 2 3 4 5 6 7 |  7.2
Evocations     | 1 2 3 5 6 7 |  7.6
Stealth        | 5 |  5.0
Fighting       | 4 5 6 7 8 |  8.3
Throwing       | 1 2 3 4 5 6 |  6.5
Invocations    | 2 5 6 7 |  7.9
Axes           | 2 |  2.6
Shields        | 2 |  2.1

Action                     |  1- 3 |  4- 6 |  7- 9 | 10-12 || total
---------------------------+-------+-------+-------+-------++-------
  Melee: Mace              |    97 |    79 |       |       ||   176
         Quarterstaff      |       |    18 |   122 |   104 ||   244
         Halberd           |       |    43 |     2 |       ||    45
         Flail             |       |       |    13 |   109 ||   122
         Whip              |       |       |   174 |    26 ||   200
         Punch             |       |       |     8 |       ||     8
         Scimitar          |       |       |       |     7 ||     7
  Throw: Dart              |       |     6 |     5 |    30 ||    41
 Invoke: Recall Ancestor   |       |       |       |     2 ||     2
         Ancestor Life: Ba |       |       |       |     1 ||     1
  Evoke: Wand              |       |     1 |    13 |     6 ||    20
    Use: Potion            |     1 |       |     3 |     6 ||    10
         Scroll            |       |     1 |     1 |     3 ||     5
   Stab: Sleeping          |     9 |     8 |     5 |     2 ||    24
 Armour: Leather armour    |    45 |    48 |       |       ||    93
         Ring mail         |       |    32 |    69 |       ||   101
         Scale mail        |       |       |   114 |   190 ||   304
  Dodge: Dodged            |    56 |   123 |   247 |   203 ||   629
  Block: Tower shield      |       |       |       |    10 ||    10

Table legend: (Time is in decaauts)
 A = Elapsed time spent in this place.
 B = Non-inter-level travel time spent in this place.
 C = Inter-level travel time spent in this place.
 D = Time resting spent in this place.
 E = Time spent auto-exploring this place.
 F = Levels seen in this place.
 G = Mean time per level.
                   A        B        C        D        E       F      G
               +--------+--------+--------+--------+--------+-----+--------+
         Total |  13787 |  13153 |    634 |   1562 |   9050 |  11 | 1253.4 |
       Dungeon |  13651 |  13071 |    580 |   1562 |   8975 |  10 | 1365.1 |
        Temple |    136 |     82 |     54 |      0 |     75 |   1 |  136.0 |
               +--------+--------+--------+--------+--------+-----+--------+

Top non-repeatable levels by time:
     D:7: 3142 daAuts
     D:8: 1549 daAuts
     D:6: 1524 daAuts
     D:5: 1480 daAuts
     D:9: 1422 daAuts
     D:3: 1222 daAuts
     D:2: 1040 daAuts
     D:1: 1037 daAuts
     D:4: 762 daAuts
    D:10: 468 daAuts
  Temple: 136 daAuts
